 Dungeon Crawl Stone Soup version 0.24-a0-408-gcc1054c7ca (webtiles) character file.

Game seed: 2398380358599009543

92 MisterFreud the Conjurer (level 4, 0/27 HPs)
             Began as an Octopode Fire Elementalist on June 5, 2019.
             Slain by Grinder (9 damage)
             ... on level 3 of the Dungeon.
             The game lasted 00:03:33 (2301 turns).

MisterFreud the Conjurer (OpFE)                     Turns: 2301, Time: 00:03:34

Health: 0/27       AC:  1    Str:  7    XL:     4   Next: 60%
Magic:  5/7        EV: 13    Int: 18    God:
Gold:   30         SH:  0    Dex: 12    Spells: 6/7 levels left

rFire    . . .     SeeInvis .   c - +0 short sword (vamp)
rCold    . . .     Gourm    .   (no shield)
rNeg     . . .     Faith    +   (helmet restricted)
rPois    .         Spirit   .   a - amulet of faith
rElec    .         Reflect  .   (no ring)
rCorr    .         Harm     .   (no ring)
MR       .....                  (no ring)
Stlth    +++.......             (no ring)
HPRegen  0.09/turn              (no ring)
MPRegen  0.10/turn              (no ring)
                                (no ring)
                                (no ring)

@: no status effects
A: almost no armour, stealthy swim, amphibious, 8 rings, constrict 8, camouflage
1, gelatinous body 1
a: no special abilities


You were on level 3 of the Dungeon.
You were not hungry.

You visited 1 branch of the dungeon, and saw 3 of its levels.

You collected 30 gold pieces.

Inventory:

Hand Weapons
 c - a +0 vampiric short sword (weapon)
Missiles
 d - 28 bolts
 g - 15 arrows
 h - 110 stones (quivered)
 j - 2 throwing nets
Jewellery
 a - an amulet of faith (around mantle)
Scrolls
 e - 2 scrolls of identify {unknown}
 i - a scroll of noise {unknown}
 k - a scroll of teleportation {unknown}
Comestibles
 b - 6 rations
 f - a chunk of flesh


   Skills:
 - Level 2.0 Dodging
 - Level 2.6 Stealth
 + Level 2.4 Spellcasting
 + Level 3.5 Conjurations
 + Level 3.4 Fire Magic


You had 6 spell levels left.
You knew the following spells:

 Your Spells              Type           Power        Failure   Level  Hunger
a - Flame Tongue          Conj/Fire      ##...        4%          1    #......

Your spell library contained the following spells:

 Spells                   Type           Power        Failure   Level  Hunger
 Throw Flame              Conj/Fire      ##....       6%          2    ##.....
 Conjure Flame            Conj/Fire      ##......     12%         3    ###....
 Inner Flame              Hex/Fire       #.......     26%         3    ###....
 Sticky Flame             Conj/Fire      ##......     38%         4    #####..
 Fireball                 Conj/Fire      ##........   75%         5    ######.


Dungeon Overview and Level Annotations

Branches:
Dungeon (3/15)

Altars:
Fedhas

Annotations:
D:3 Grinder


Innate Abilities, Weirdness & Mutations

You cannot wear most types of armour.
You are very stealthy in the water. (Stealth+)
You are amphibious.
You can wear up to eight rings at the same time.
You can use your tentacles to constrict eight enemies at once.
Your skin changes colour to match your surroundings (Stealth+).
Your rubbery body absorbs attacks. (AC +1, EV +1)


Message History

Grinder is lightly wounded.
You constrict Grinder. Grinder hits you.
You writhe in agony.
Casting: Flame Tongue (safe; 4% risk of failure)
Confirm with . or Enter, or press ? or * to list all spells.
Aiming: Flame Tongue (safe; 4% risk of failure)
Press: ? - help, Shift-Dir - straight line, f - Grinder
Aim: Grinder, carrying a wand of digging (4) (lightly wounded, constricted by you)
The flame tongue hits Grinder.
Grinder is lightly wounded.
You constrict Grinder. Grinder hits you!
You writhe in agony.
Casting: Flame Tongue (safe; 4% risk of failure)
Confirm with . or Enter, or press ? or * to list all spells.
Aiming: Flame Tongue (safe; 4% risk of failure)
Press: ? - help, Shift-Dir - straight line, f/p - Grinder
Aim: Grinder, carrying a wand of digging (4) (moderately wounded, constricted by you)
The flame tongue hits Grinder!
Grinder is heavily wounded.
You constrict Grinder, but do no damage.
Grinder hits you!
You die...

.# .# .# ##.#
...# ###
#######..##....
.......5..!....
#@.# #......#
#.##.$... #.#
#.#. #.# # #.#
#.# ...


You could see Grinder.

Vanquished Creatures
  A hound (D:2)
  3 adders (D:2)
  An ooze (D:2)
  A worm (D:2)
  A leopard gecko (D:1)
  4 bats
  4 goblins
  4 frilled lizards
  5 kobolds
  6 rats
30 creatures vanquished.

Notes
Turn   | Place    | Note
-------+----------+-------------------------------------------
     0 | D:1      | MisterFreud the Octopode Fire Elementalist began the quest
                  | for the Orb.
     0 | D:1      | Reached XP level 1. HP: 11/11 MP: 3/3
   623 | D:1      | Reached XP level 2. HP: 17/17 MP: 5/5
  1435 | D:2      | Reached XP level 3. HP: 14/21 MP: 3/6
  1624 | D:2      | Found a blossoming altar of Fedhas.
  1898 | D:2      | Reached XP level 4. HP: 13/27 MP: 3/7
  2298 | D:3      | Noticed Grinder
  2301 | D:3      | Slain by Grinder

Levels and vault maps discovered:
D:1:      dpeg_arrival_three_same_balls, layout_basic
D:2:      layout_rooms, fedhas_altar_2
D:3:      layout_loops_ring, uniq_grinder, uniq_jessica, uniq_terence,
          uniq_robin

Skill      XL: |  1  2 |
---------------+-------+-----
Conjurations   | 2 3 |  3.5
Dodging        | |  2.0
Stealth        | |  2.6
Spellcasting   | |  2.4
Fire Magic     | |  3.4

Action                   |  1- 3 |  4- 6 || total
-------------------------+-------+-------++-------
Melee: Short sword       |    62 |     5 ||    67
       Constrict         |    12 |     2 ||    14
       Tentacles         |     6 |     1 ||     7
 Cast: Flame Tongue      |    13 |     2 ||    15
  Use: Potion            |     2 |       ||     2
 Stab: Sleeping          |     9 |     3 ||    12
  Eat: Chunk             |     3 |     1 ||     4
Armor: Skin              |     7 |       ||     7
Dodge: Dodged            |    46 |     1 ||    47

Table legend:
 A = Non-vault XP
 B = Vault XP
 C = Vault XP percentage of total XP
 D = Non-vault monster count
 E = Vault monster count
 F = Vault count percentage of total count
                 A         B        C        D         E       F
            +---------+---------+-------+---------+---------+-------
      Total |     132 |       0 |   0.0 |      30 |       0 |   0.0
            +---------+---------+-------+---------+---------+-------
        D:1 |      19 |       0 |   0.0 |      12 |       0 |   0.0
        D:2 |     113 |       0 |   0.0 |      18 |       0 |   0.0
            +---------+---------+-------+---------+---------+-------
